 Dungeon Crawl Stone Soup version 0.26-b1-59-ge38874ec40 (webtiles) character file.

Game seed: 491008803595722112

2071 raceaflais the Spear-Bearer (level 9, -3/106 HPs)
             Began as a Merfolk Berserker on Jan 7, 2021.
             Was an Elder of Trog.
             Slain by a yak (8 damage)
             ... on level 7 of the Dungeon on Jan 8, 2021.
             The game lasted 00:17:35 (10111 turns).

raceaflais the Spear-Bearer (Merfolk Berserker)    Turns: 10111, Time: 00:17:36

Health: -3/106     AC: 24    Str: 20    XL:     9   Next: 26%
Magic:  9/9        EV:  2    Int:  7    God:    Trog [****..]
Gold:   274        SH:  0    Dex: 15    Spells: 8/8 levels left

rFire    . . .     SeeInvis .   d - +0 spear (venom)
rCold    . . .     Faith    .   (no shield)
rNeg     + + +     Spirit   .   (armour currently unavailable)
rPois    +         Reflect  .   (helmet currently unavailable)
rElec    .         Harm     .   (cloak currently unavailable)
rCorr    .         Rampage  .   (gloves currently unavailable)
Will     .....     NoTele   +   (boots currently unavailable)
Stlth    +++.......             e - amulet of the acrobat
HPRegen  0.27/turn              (no ring)
MPRegen  0.11/turn              (no ring)

@: tree-form, berserk cooldown, slowed, very slow
A: (change form in water), (swift swim), (stealthy swim), thin skeletal
structure 1
a: Renounce Religion, Berserk, Trog's Hand, Brothers in Arms


You were on level 7 of the Dungeon.
You worshipped Trog.
Trog was greatly pleased with you.
You were a tree.
You visited 1 branch of the dungeon, and saw 7 of its levels.

You collected 274 gold pieces.

Inventory:

Hand Weapons
 d - a +0 spear of venom (weapon)
 g - a +2 hand axe of venom
 k - a +4 dagger of speed
 o - a +0 trident
 B - a +0 broad axe
 E - a +0 long sword
Missiles
 b - 29 poisoned darts
 y - 71 stones
Armour
 a - a +0 pair of gloves
 p - a +0 scale mail (melded)
 x - a +0 pair of gloves (melded)
 z - a cursed +1 chain mail
 A - a +0 buckler
 F - a +2 helmet
 G - a cursed +0 ring mail
Jewellery
 e - an amulet of the acrobat (around neck)
 q - the ring "Nampuitz" {*Slow +Inv rPois AC+4 Str+5}
   (You took it off an orc on level 4 of the Dungeon)

   [ring of protection]

   It affects your AC (+4).
   It affects your strength (+5).
   It protects you from poison.
   It lets you turn invisible.
   It may slow you when you take damage.
 r - a cursed -4 ring of dexterity {unknown}
 C - a cursed ring of teleportation {unknown}
Wands
 m - a wand of polymorph (3)
Scrolls
 f - a scroll of blinking
 h - 4 scrolls of remove curse
 j - a scroll of identify
 n - 2 scrolls of teleportation
 s - a scroll of magic mapping
 t - 2 scrolls of amnesia
 w - a scroll of immolation
Potions
 c - a potion of flight
 i - a potion of cancellation
 l - a potion of lignification
 u - a potion of might {unknown}
 v - a potion of curing
 D - a potion of degeneration {unknown}


   Skills:
 + Level 6.4 Fighting
 + Level 11.6 Polearms
 + Level 4.8 Armour
 + Level 5.5 Dodging
 + Level 2.3 Stealth
 + Level 0.5 Unarmed Combat


You had 8 spell levels left.
You didn't know any spells.
Your spell library was empty.

Dungeon Overview and Level Annotations

Branches:
Dungeon (7/15)             Temple (0/1) D:6

Altars:
Fedhas
Hepliaklqana
Kikubaaqudgha
Qazlal
Uskayaw
Vehumet
Wu Jian
Yredelemnul
Zin

Shops:
D:5 [}


Innate Abilities, Weirdness & Mutations

((You revert to your normal form in water.))
((You are very nimble and swift while swimming.))
((You are very stealthy in the water. (Stealth+)))
You have a somewhat thin skeletal structure. (Dex +2, Stealth)
((Your system is resistant to poisons. (rPois)))


Message History

The yak gores you but does no damage. x2
You hit the yak.
The yak looks as sick as possible!
The yak is lightly wounded.
The yak gores you but does no damage. x2; The yak gores you!
* * * LOW HITPOINT WARNING * * *
You hit the yak.
The yak looks as sick as possible!
The yak is lightly wounded.
The yak gores you but does no damage. x3
You hit the yak.
The yak is moderately wounded.
The yak gores you!
* * * LOW HITPOINT WARNING * * *
The yak gores you but does no damage. x2
You closely miss the yak.
The yak is heavily wounded.
The yak gores you but does no damage. x2
You hit the yak but do no damage. The yak gores you!
* * * LOW HITPOINT WARNING * * *
The yak gores you!
You die...

**,,,,,** ♣♣♣.....♣♣♣♣ #.........
,,,,,,*,* #..........# ######....
,,,**,*,* ######.....########....
,,,,,,,** #......##.....)).....
,,,,,,,######......##............
,,,,,,.#........)..##............
,,<,,,..........Y).########)..###
**,,,,........##YY.# ####...###
,,,,,,........##♣Y.# #.......#
,,,***#..........Y.#####.......#
<,,***#............##..........#
,,,,,,,...##......###..........##
,,,,,,,,,###...####..............
**,,,,,,,#......# #..............
****,...#......###........##....
****#..................##....
****####..................##....


You could see 5 yaks.

Vanquished Creatures
  A troll (D:7)
  A yak (D:7)
  A phantom (D:4)
  2 ogres
  A big kobold (D:7)
  2 bullfrogs
  A water moccasin zombie (D:5)
  A water moccasin skeleton (D:6)
  2 howler monkeys
  A bullfrog zombie (D:6)
  A quasit (D:7)
  3 hounds
  8 orc wizards
  2 centaur skeletons
  3 orc priests
  2 bullfrog skeletons
  Natasha (thrice) (D:2)
  4 worker ants
  A hound skeleton (D:3)
  8 adders
  A shadow imp (D:6)
  3 white imps (D:7)
  An ooze (D:4)
  2 adder zombies (D:5)
  4 worms
  The ghost of Snicker the Sneak, a weakling DsDe (D:5)
  A dart slug (D:3)
  6 leopard geckos
  25 orcs
  A ball python (D:3)
  9 bats
  5 giant cockroaches
  14 goblins
  8 hobgoblins
  7 jackals
  22 kobolds
  2 quokkas
  6 frilled lizards
  A leopard gecko skeleton (D:4)
  A quokka zombie (D:5)
  11 rats
179 creatures vanquished.

Notes
Turn   | Place    | Note
-------+----------+-------------------------------------------
     0 | D:1      | raceaflais the Merfolk Berserker began the quest for the
                  | Orb.
     0 | D:1      | Reached XP level 1. HP: 18/18 MP: 1/1
   196 | D:1      | Reached XP level 2. HP: 24/24 MP: 2/2
   667 | D:1      | Reached skill level 5 in Polearms
   777 | D:1      | Reached XP level 3. HP: 30/30 MP: 3/3
  1060 | D:2      | Reached ** piety under Trog
  1090 | D:2      | Found an ancient bone altar of Kikubaaqudgha.
  1409 | D:2      | Found a radiant altar of Vehumet.
  1427 | D:2      | Reached XP level 4. HP: 24/37 MP: 4/4
  2112 | D:2      | Noticed Natasha
  2117 | D:2      | Killed Natasha
  2118 | D:2      | Reached skill level 6 in Polearms
  2370 | D:2      | Noticed Natasha
  2373 | D:2      | Killed Natasha
  2374 | D:2      | Reached XP level 5. HP: 42/42 MP: 5/5
  2452 | D:2      | Noticed Natasha
  2456 | D:2      | Killed Natasha
  2890 | D:3      | Reached skill level 1 in Stealth
  3221 | D:3      | Reached *** piety under Trog
  3657 | D:3      | Reached skill level 7 in Polearms
  3677 | D:3      | Reached XP level 6. HP: 49/49 MP: 6/6
  4087 | D:3      | Upgraded the game from 0.26-b1-52-g61e05abef2 to
                  | 0.26-b1-59-ge38874ec40
  4578 | D:4      | Found a glowing silver altar of Zin.
  4584 | D:4      | Noticed a phantom
  4592 | D:4      | Identified the ring "Nampuitz" {*Slow +Inv rPois AC+4
                  | Str+5}
  4593 | D:4      | Reached skill level 8 in Polearms
  4594 | D:4      | Reached XP level 7. HP: 55/55 MP: 7/7
  4787 | D:4      | Found a hazy altar of Hepliaklqana.
  5360 | D:4      | Found a hide-covered altar of Uskayaw.
  5362 | D:4      | Noticed a +0 dagger
  5362 | D:4      | Noticed a +0 dagger
  5372 | D:4      | Reached skill level 9 in Polearms
  5510 | D:4      | Reached skill level 5 in Fighting
  5557 | D:4      | Reached **** piety under Trog
  6059 | D:5      | Entered Level 5 of the Dungeon
  6064 | D:5      | Found a basalt altar of Yredelemnul.
  6251 | D:5      | Reached XP level 8. HP: 56/62 MP: 8/8
  6309 | D:5      | Found Cudazum's Armour Emporium.
  6367 | D:5      | Found Ratouc's Gadget Shoppe.
  6523 | D:5      | Found a runed translucent gate.
  6526 | D:5      | Found a runed translucent gate.
  6526 | D:5      | Found a runed translucent gate.
  6529 | D:5      | Noticed Snicker's ghost (weakling DsDe)
  6537 | D:5      | Killed Snicker's ghost
  6854 | D:5      | Reached skill level 10 in Polearms
  7273 | D:5      | Found a stormy altar of Qazlal.
  7445 | D:6      | Found an ornate altar of the Wu Jian Council.
  7546 | D:6      | Found a staircase to the Ecumenical Temple.
  8514 | D:7      | Noticed a troll
  8526 | D:7      | Gained mutation: You have a somewhat thin skeletal
                  | structure. (Dex +2, Stealth) [potion of mutation]
  8526 | D:7      | Gained mutation: Your system is resistant to poisons.
                  | (rPois) [potion of mutation]
  8539 | D:7      | Killed a troll
  8540 | D:7      | Reached skill level 11 in Polearms
  8540 | D:7      | Reached skill level 5 in Dodging
  8540 | D:7      | Reached XP level 9. HP: 21/69 MP: 9/9
 10073 | D:7      | Found a blossoming altar of Fedhas.
 10111 | D:7      | HP: 5/106 [yak (7)]
 10111 | D:7      | Slain by a yak

Illustrated notes

Levels and vault maps discovered:
D:1:      shiori_arrival_oz, layout_loops_ring, chequers_jeans
D:2:      layout_loops_ring, old_standard_altar, kiku_gazebo_pond_becter,
          uniq_natasha, uniq_crazy_yiuf_cottage
D:3:      layout_loops_corners, hangedman_decor_points,
          kennysheep_generic_room_12
D:4:      layout_basic, dancing_weapons_uskayaw, lemuel_doored_altar,
          nzn_hepliaklqana_mist_gate, st_stairs_7
D:5:      layout_loops_ring, lemuel_round_altar,
          nicolae_qazlal_eye_of_the_storm, serial_shops, shop, shop,
          ebering_ghost_rock_garden
D:6:      corexii_shack_village, layout_basic, lemuel_crystal_altar,
          nicolae_overflow_hidden_temple, minmay_temple_entry_butterflies
D:7:      layout_basic, fedhas_altar_fruit_tree, uniq_pikel

Skill      XL: |  1  2  3  4  5  6  7  8 |
---------------+-------------------------+-----
Polearms       | 5 6 7 8 9 11 | 11.6
Dodging        | 3 4 5 |  5.5
Fighting       | 4 5 6 |  6.4
Armour         | 2 3 4 |  4.8
Stealth        | 1 2 |  2.3
Unarmed Combat | |  0.5

Action                   |  1- 3 |  4- 6 |  7- 9 || total
-------------------------+-------+-------+-------++-------
Melee: Spear             |   143 |   191 |   424 ||   758
       Trident           |       |    26 |       ||    26
       Unarmed           |       |     9 |       ||     9
Invok: Berserk           |       |     5 |     6 ||    11
  Use: Scroll            |     4 |     4 |     4 ||    12
       Potion            |       |     8 |     8 ||    16
 Stab: Sleeping          |       |     3 |       ||     3
Armor: Animal skin       |     2 |       |       ||     2
       Leather armour    |    22 |    11 |       ||    33
       Scale mail        |       |    32 |    71 ||   103
       Skin              |       |       |    41 ||    41
Dodge: Dodged            |    65 |    84 |   139 ||   288
